| TOP OF THE 1ST |
|---|
| Oklahoma State Cowboys batting - Pitching for Virginia Tech Hokies : RHP Kyle Bakken | | Pitching: RHP Kyle Bakken | | | Batting: RHB Travis Ware | 0-0: SINGLE (Line Drive, 5D) | | Batting: RHB Zach Kelly | 0-0: Ball 1-0: Foul Ball, location: 2F 1-1: Ball 2-1: Called Strike 2-2: SINGLE (Groundball, 4MD) Travis Ware to second | | Batting: LHB Zac Johle | 0-0: Ball 1-0: Called Strike 1-1: SINGLE (Groundball, 3S) (infield hit) Travis Ware to third Zach Kelly to second | | Batting: RHB Tim Jacobson | 0-0: Called Strike 0-1: Fly out, F3 (Flyball, 3D) | | Batting: LHB Joel Pyle | 0-0: Called Strike 0-1: DOUBLE (Line Drive, 9D) Travis Ware scores Zach Kelly scores Zac Johle to third Runner from 3rd tries for Home, SAFE, no throw | | Batting: RHB Sam Way | 0-0: Ball 1-0: Ground out 6-3 (Groundball, 6) Joel Pyle to third | | Batting: RHB Adrian Bobola | 0-0: Foul Ball, location: 2F 0-1: Called Strike 0-2: Strikes out swinging | | Top of the 1st over - 3 runs, 4 hits, 0 errors, 1 left on base; Oklahoma State 3 - Virginia Tech 0 | | BOTTOM OF THE 1ST |
|---|
| Virginia Tech Hokies batting - Pitching for Oklahoma State Cowboys : RHP Brian Parker | | Pitching: RHP Brian Parker | | | Batting: RHB Chris Legg | 0-0: Ball 1-0: Called Strike 1-1: Ball 2-1: Ball 3-1: Base on Balls | | Batting: RHB Jon Rincon | 0-0: Ball 1-0: Fielders Choice at 2nd, 4-6 (Groundball, 4) | | Batting: LHB Chris Levine | 0-0: Called Strike Jon Rincon is caught stealing 2nd base 0-1: Ball 1-1: Ball 2-1: Ball 3-1: Foul Ball, location: 2F 3-2: Base on Balls | | Batting: LHB David Drain | 0-0: Fly out, F7 (Flyball, 7D) | | Bottom of the 1st over - 0 runs, 0 hits, 0 errors, 1 left on base; Oklahoma State 3 - Virginia Tech 0 | | TOP OF THE 2ND |
|---|
| Oklahoma State Cowboys batting - Pitching for Virginia Tech Hokies : RHP Kyle Bakken | | Batting: RHB Chris Sidell | 0-0: Ball 1-0: Ground out 5-3 (Groundball, 56) | | Batting: RHB Brian Williams | 0-0: Ball 1-0: Foul Ball, location: 2F 1-1: Called Strike 1-2: Strikes out looking | | Batting: RHB Travis Ware | 0-0: Called Strike 0-1: Ball 1-1: Called Strike 1-2: Ball 2-2: Foul Ball, location: 2F 2-2: SINGLE (Groundball, 6MD) | | Batting: RHB Zach Kelly | 0-0: Ball 1-0: Ball 2-0: Ball 3-0: Called Strike 3-1: Foul Ball, location: 2F 3-2: Foul Ball, location: 2F 3-2: Base on Balls Travis Ware to second | | Batting: LHB Zac Johle | 0-0: Ball 1-0: Called Strike 1-1: Ball 2-1: SINGLE (Flyball, 7LM) Travis Ware to third Zach Kelly to second Runner from 3rd tries for Home, SAFE, no throw | | Batting: RHB Tim Jacobson | 0-0: SINGLE (Line Drive, 4MD) Zach Kelly to third Zac Johle to second Runner from 3rd tries for Home, SAFE, no throw | | Batting: LHB Joel Pyle | 0-0: Ball 1-0: Fly out, F7 (Flyball, 7D) | | Top of the 2nd over - 2 runs, 3 hits, 0 errors, 2 left on base; Oklahoma State 5 - Virginia Tech 0 | | BOTTOM OF THE 2ND |
|---|
| Virginia Tech Hokies batting - Pitching for Oklahoma State Cowboys : RHP Brian Parker | | Batting: RHB Ben Gorman | 0-0: Called Strike 0-1: Foul Ball, location: 2F 0-2: Hit by Pitch | | Batting: LHB Barney Vance | 0-0: SINGLE (Flyball, 9S) Ben Gorman to second Runner from 2nd tries for 3rd, SAFE, no throw | | Batting: SHB Jordan Gillard | 0-0: Foul Ball, location: 2F 0-1: Ball Passed Ball! Ben Gorman scores Barney Vance to second 1-1: Ball 2-1: Foul Ball, location: 2F 2-2: Strikes out swinging | | Batting: RHB Juan Leal | 0-0: Ball 1-0: Foul Ball, location: 2F 1-1: Ball 2-1: 2-RUN HOME RUN (Flyball, 7LD), Distance : 353 ft | | Batting: RHB Mike Averill | 0-0: Ball 1-0: SINGLE (Groundball, 56D) | | Batting: RHB Chris Legg | 0-0: Foul Ball, location: 2F 0-1: Called Strike 0-2: Fly out, F7 (Flyball, 7) | | Batting: RHB Jon Rincon | 0-0: Ball 1-0: Ball 2-0: Ball 3-0: Base on Balls Mike Averill to second | | Batting: LHB Chris Levine | 0-0: Called Strike 0-1: Called Strike 0-2: Ground out 1-3 (Groundball, P) | | Bottom of the 2nd over - 3 runs, 3 hits, 0 errors, 2 left on base; Oklahoma State 5 - Virginia Tech 3 | | TOP OF THE 3RD |
|---|
| Oklahoma State Cowboys batting - Pitching for Virginia Tech Hokies : RHP Kyle Bakken | | Batting: RHB Sam Way | 0-0: Ball 1-0: Called Strike 1-1: Swinging Strike 1-2: Ball 2-2: Strikes out looking | | Batting: RHB Adrian Bobola | 0-0: Called Strike 0-1: Foul Ball, location: 2F 0-2: Strikes out swinging | | Batting: RHB Chris Sidell | 0-0: Foul Ball, location: 2F 0-1: Foul Ball, location: 2F 0-2: Ball 1-2: Foul Ball, location: 2F 1-2: SINGLE (Groundball, 6MD) | | Batting: RHB Brian Williams | 0-0: Ball Wild Pitch! Chris Sidell to second 1-0: Ground out 6-3 (Groundball, 6) | | Top of the 3rd over - 0 runs, 1 hit, 0 errors, 1 left on base; Oklahoma State 5 - Virginia Tech 3 | | BOTTOM OF THE 3RD |
|---|
| Virginia Tech Hokies batting - Pitching for Oklahoma State Cowboys : RHP Brian Parker | | Batting: LHB David Drain | 0-0: Called Strike 0-1: Called Strike 0-2: Ball 1-2: Ball 2-2: Strikes out swinging | | Batting: RHB Ben Gorman | 0-0: Called Strike 0-1: Called Strike 0-2: Foul Ball, location: 2F 0-2: Foul Ball, location: 2F 0-2: Ground out 5-3 (Groundball, 56S) | | Batting: LHB Barney Vance | 0-0: Called Strike 0-1: Ball 1-1: Ball 2-1: Ball 3-1: Foul Ball, location: 2F 3-2: Base on Balls | | Batting: SHB Jordan Gillard | 0-0: Ball 1-0: Ball 2-0: Fly out, F8 (Flyball, 78D) | | Bottom of the 3rd over - 0 runs, 0 hits, 0 errors, 1 left on base; Oklahoma State 5 - Virginia Tech 3 | | TOP OF THE 4TH |
|---|
| Oklahoma State Cowboys batting - Pitching for Virginia Tech Hokies : RHP Kyle Bakken | | Batting: RHB Travis Ware | 0-0: Ground out 5-3 (Groundball, 5L) | | Batting: RHB Zach Kelly | 0-0: Called Strike 0-1: Foul Ball, location: 2F 0-2: Ball 1-2: Ball 2-2: Strikes out swinging | | Batting: LHB Zac Johle | 0-0: Swinging Strike 0-1: Called Strike 0-2: Ball 1-2: Foul Ball, location: 2F 1-2: Ball 2-2: SOLO HOME RUN (Flyball, 9LD), Distance : 357 ft | | Batting: RHB Tim Jacobson | 0-0: Ball 1-0: Ball 2-0: Foul Ball, location: 2F 2-1: Ball 3-1: Base on Balls | | Batting: LHB Joel Pyle | 0-0: Ground out 6-3 (Groundball, 56D) | | Top of the 4th over - 1 run, 1 hit, 0 errors, 1 left on base; Oklahoma State 6 - Virginia Tech 3 | | BOTTOM OF THE 4TH |
|---|
| Virginia Tech Hokies batting - Pitching for Oklahoma State Cowboys : RHP Brian Parker | | Batting: RHB Juan Leal | 0-0: Called Strike 0-1: Swinging Strike 0-2: Strikes out looking | | Batting: RHB Mike Averill | 0-0: Ball 1-0: Ball 2-0: Ball 3-0: Called Strike 3-1: Base on Balls | | Batting: RHB Chris Legg | 0-0: SINGLE (Groundball, 4D) Mike Averill to second | | Batting: RHB Jon Rincon | 0-0: Fly out, F9 (Flyball, 9S) | | Batting: LHB Chris Levine | 0-0: Ball 1-0: Called Strike 1-1: Ball 2-1: Fly out, F7 (Flyball, 7LDF) | | Bottom of the 4th over - 0 runs, 1 hit, 0 errors, 2 left on base; Oklahoma State 6 - Virginia Tech 3 | | TOP OF THE 5TH |
|---|
| Oklahoma State Cowboys batting - Pitching for Virginia Tech Hokies : RHP Kyle Bakken | | Batting: RHB Sam Way | 0-0: Ball 1-0: SINGLE (Line Drive, 89S) | | Batting: RHB Adrian Bobola | 0-0: Fly out, F3 (Line Drive, 34) | | Batting: RHB Chris Sidell | 0-0: Ball 1-0: Ball 2-0: Called Strike 2-1: Fly out, F7 (Flyball, 7S) | | Batting: RHB Brian Williams | 0-0: Fly out, F7 (Flyball, 7S) | | Top of the 5th over - 0 runs, 1 hit, 0 errors, 1 left on base; Oklahoma State 6 - Virginia Tech 3 | | BOTTOM OF THE 5TH |
|---|
| Virginia Tech Hokies batting - Pitching for Oklahoma State Cowboys : RHP Brian Parker | | Batting: LHB David Drain | 0-0: Ball 1-0: Ball 2-0: Called Strike 2-1: Ball 3-1: Fly out, F4 (Popup, 4D) | | Batting: RHB Ben Gorman | 0-0: Ball 1-0: Foul Ball, location: 2F 1-1: Ground out 4-3 (Groundball, 4) | | Batting: LHB Barney Vance | 0-0: Ball 1-0: Called Strike 1-1: Ground out 4-3 (Groundball, 4) | | Bottom of the 5th over - 0 runs, 0 hits, 0 errors, 0 left on base; Oklahoma State 6 - Virginia Tech 3 | | TOP OF THE 6TH |
|---|
| Oklahoma State Cowboys batting - Pitching for Virginia Tech Hokies : RHP Kyle Bakken | | Batting: RHB Travis Ware | 0-0: Called Strike 0-1: Ball 1-1: Ball 2-1: SINGLE (Line Drive, 78S) | | Batting: RHB Zach Kelly | 0-0: Bunted foul 0-1: Ball 1-1: Bunt missed! 1-2: Grounds into double play, 4-6-3 (Groundball, 34) | | Batting: LHB Zac Johle | 0-0: Called Strike 0-1: Ball 1-1: Fly out, F8 (Flyball, 8LM) | | Top of the 6th over - 0 runs, 1 hit, 0 errors, 0 left on base; Oklahoma State 6 - Virginia Tech 3 | | BOTTOM OF THE 6TH |
|---|
| Virginia Tech Hokies batting - Pitching for Oklahoma State Cowboys : RHP Brian Parker | | Batting: SHB Jordan Gillard | 0-0: Ball 1-0: Ball 2-0: Foul Ball, location: 2F 2-1: Swinging Strike 2-2: Strikes out swinging | | Batting: RHB Juan Leal | 0-0: Ball 1-0: Called Strike 1-1: Ball 2-1: Ball 3-1: Called Strike 3-2: Foul Ball, location: 2F 3-2: Foul Ball, location: 2F 3-2: Base on Balls | | Batting: RHB Mike Averill | 0-0: SINGLE (Flyball, 89S) Juan Leal to second | | Batting: RHB Chris Legg | 0-0: Ball 1-0: Fly out, F3 (Line Drive, 3) | | Batting: RHB Jon Rincon | 0-0: Ball 1-0: Called Strike 1-1: Ball Wild Pitch! Juan Leal to third Mike Averill to second 2-1: Swinging Strike 2-2: Strikes out swinging | | Bottom of the 6th over - 0 runs, 1 hit, 0 errors, 2 left on base; Oklahoma State 6 - Virginia Tech 3 | | TOP OF THE 7TH |
|---|
| Oklahoma State Cowboys batting - Pitching for Virginia Tech Hokies : RHP Kyle Bakken | | Pitching: RHP Sam Amenta | | | Batting: RHB Tim Jacobson | 0-0: Swinging Strike 0-1: Ball 1-1: Ball 2-1: Ball 3-1: Base on Balls | | Batting: LHB Joel Pyle | 0-0: Ball 1-0: Ball 2-0: Called Strike 2-1: Swinging Strike 2-2: Ball 3-2: Foul Ball, location: 2F 3-2: Foul Ball, location: 2F 3-2: Foul Ball, location: 2F 3-2: Strikes out looking | | Batting: RHB Sam Way | 0-0: Called Strike 0-1: Ball 1-1: Ball 2-1: Foul Ball, location: 2F 2-2: Foul Ball, location: 2F 2-2: Ground out 5-3 (Groundball, 56S) Tim Jacobson to second | | Batting: RHB Adrian Bobola | 0-0: Called Strike 0-1: Ground out 3-1 (Groundball, 34S) | | Top of the 7th over - 0 runs, 0 hits, 0 errors, 1 left on base; Oklahoma State 6 - Virginia Tech 3 | | BOTTOM OF THE 7TH |
|---|
| Virginia Tech Hokies batting - Pitching for Oklahoma State Cowboys : RHP Brian Parker | | Batting: LHB Chris Levine | 0-0: Ball 1-0: Fly out, F9 (Flyball, 9S) | | Batting: LHB David Drain | 0-0: Ground out 3-1 (Groundball, 34S) | | Batting: RHB Ben Gorman | 0-0: Called Strike 0-1: Ball 1-1: Ball 2-1: Ball 3-1: Swinging Strike 3-2: Foul Ball, location: 2F 3-2: Foul Ball, location: 2F 3-2: Ground out 5-3 (Groundball, 56S) | | Bottom of the 7th over - 0 runs, 0 hits, 0 errors, 0 left on base; Oklahoma State 6 - Virginia Tech 3 | | TOP OF THE 8TH |
|---|
| Oklahoma State Cowboys batting - Pitching for Virginia Tech Hokies : RHP Sam Amenta | | Batting: RHB Chris Sidell | 0-0: Called Strike 0-1: Called Strike 0-2: Ball 1-2: Ball 2-2: Foul Ball, location: 2F 2-2: Ball 3-2: Base on Balls | | Batting: RHB Brian Williams | 0-0: Sac Bunt - play at first, batter OUT! 1-3 Chris Sidell to second | | Batting: RHB Travis Ware | 0-0: Intentional Walk | | Batting: RHB Zach Kelly | 0-0: Called Strike 0-1: SINGLE (Line Drive, 6MD) Chris Sidell to third Travis Ware to second | | Batting: LHB Zac Johle | 0-0: Ball 1-0: Ball 2-0: Called Strike 2-1: Swinging Strike 2-2: Strikes out swinging | | Batting: RHB Tim Jacobson | 0-0: Ball 1-0: Ball 2-0: Fly out, F7 (Flyball, 78M) | | Top of the 8th over - 0 runs, 1 hit, 0 errors, 3 left on base; Oklahoma State 6 - Virginia Tech 3 | | BOTTOM OF THE 8TH |
|---|
| Virginia Tech Hokies batting - Pitching for Oklahoma State Cowboys : RHP Brian Parker | | Batting: LHB Barney Vance | 0-0: Ball 1-0: Ball 2-0: Single, Error in OF, E9, batter to second base | | Batting: SHB Jordan Gillard | 0-0: Called Strike 0-1: Called Strike 0-2: Strikes out swinging | | Batting: RHB Juan Leal | 0-0: Called Strike 0-1: DOUBLE (Flyball, 89D) Barney Vance scores | | Batting: RHB Mike Averill | 0-0: Called Strike 0-1: Ball 1-1: Ball 2-1: Ball 3-1: Base on Balls | | Pinch Runner at 2nd Chris Greene: | | | Batting: RHB Chris Legg | 0-0: Called Strike 0-1: Swinging Strike 0-2: Foul Ball, location: 2F 0-2: Ground out 3-1 (Groundball, 34S) Chris Greene to third Mike Averill to second | | Batting: RHB Jon Rincon | 0-0: SINGLE (Groundball, 34D) Chris Greene scores Mike Averill to third Runner from 3rd tries for Home, SAFE, throw made home | | Pitching: LHP Pat Young | | | Batting: LHB Chris Levine | 0-0: Called Strike 0-1: Swinging Strike 0-2: Ball 1-2: Foul Ball, location: 2F 1-2: Fly out, F7 (Flyball, 7LM) | | Bottom of the 8th over - 3 runs, 3 hits, 1 error, 1 left on base; Oklahoma State 6 - Virginia Tech 6 | | TOP OF THE 9TH |
|---|
| Oklahoma State Cowboys batting - Pitching for Virginia Tech Hokies : RHP Sam Amenta | | Pitching: RHP Blake Bacon | | | Pinch Hitting: RHB Scott King | 0-0: Ball 1-0: Called Strike 1-1: Ball 2-1: Ball 3-1: Foul Ball, location: 2F 3-2: Foul Ball, location: 2F 3-2: Foul Ball, location: 2F 3-2: Foul Ball, location: 2F 3-2: SINGLE (Line Drive, 78S) | | Batting: RHB Sam Way | 0-0: Sac Bunt - play at first, batter OUT! 1-4 Scott King to second | | Batting: RHB Adrian Bobola | 0-0: Intentional Walk | | Pinch Hitting: SHB David Puckerin | 0-0: Ball 1-0: Fly out, F8 (Flyball, 8RM) | | Pinch Hitting: RHB Neil Gibson | 0-0: Called Strike 0-1: Foul Ball, location: 2F 0-2: Foul Ball, location: 2F 0-2: Ball 1-2: Ball 2-2: Ball 3-2: Foul Ball, location: 2F 3-2: Ground out 4-3 (Groundball, 4) | | Top of the 9th over - 0 runs, 1 hit, 0 errors, 2 left on base; Oklahoma State 6 - Virginia Tech 6 | | BOTTOM OF THE 9TH |
|---|
| Virginia Tech Hokies batting - Pitching for Oklahoma State Cowboys : LHP Pat Young | | Now at C: John Koon | | | Now at SS: Neil Gibson | | | Now in RF: Scott King | | | Batting: LHB David Drain | 0-0: Ball 1-0: Called Strike 1-1: Ball 2-1: Fly out, F7 (Flyball, 7S) | | Batting: RHB Ben Gorman | 0-0: Ball 1-0: Swinging Strike 1-1: Foul Ball, location: 2F 1-2: Foul Ball, location: 2F 1-2: Ball 2-2: Foul Ball, location: 2F 2-2: SINGLE (Groundball, 34D) | | Pinch Hitting: RHB Nick Bucher | 0-0: Called Strike 0-1: Ball 1-1: Foul Ball, location: 2F 1-2: Ball 2-2: Strikes out swinging | | Pinch Hitting: SHB Kevin Groendyk | 0-0: Called Strike 0-1: Ball 1-1: Foul Ball, location: 2F 1-2: Strikes out looking | | Bottom of the 9th over - 0 runs, 1 hit, 0 errors, 1 left on base; Oklahoma State 6 - Virginia Tech 6 | | TOP OF THE 10TH |
|---|
| Oklahoma State Cowboys batting - Pitching for Virginia Tech Hokies : RHP Blake Bacon | | Now at 2B: Matt Godwin | | | Now in LF: Nick Bucher | | | Batting: RHB Travis Ware | 0-0: Called Strike 0-1: Ball 1-1: Ball 2-1: Ball 3-1: Base on Balls | | Batting: RHB Zach Kelly | 0-0: Ball 1-0: Sac Bunt - play at first, batter safe! Travis Ware to second | | Batting: LHB Zac Johle | 0-0: Ball 1-0: Swinging Strike 1-1: Foul Ball, location: 2F 1-2: Foul Ball, location: 2F 1-2: Strikes out swinging | | Batting: RHB Tim Jacobson | 0-0: Swinging Strike 0-1: Foul Ball, location: 2F 0-2: Strikes out looking | | Pitching: RHP Jason Ris | | | Batting: RHB Scott King | 0-0: Called Strike 0-1: Foul Ball, location: 2F 0-2: Ball 1-2: Ball 2-2: Ball 3-2: Foul Ball, location: 2F 3-2: Base on Balls Travis Ware to third Zach Kelly to second | | Batting: RHB Sam Way | 0-0: Ball 1-0: Fly out, F4 (Flyball, 34D) | | Top of the 10th over - 0 runs, 1 hit, 0 errors, 3 left on base; Oklahoma State 6 - Virginia Tech 6 | | BOTTOM OF THE 10TH |
|---|
| Virginia Tech Hokies batting - Pitching for Oklahoma State Cowboys : LHP Pat Young | | Batting: LHB Chris Greene | 0-0: Swinging Strike 0-1: Foul Ball, location: 2F 0-2: Foul Ball, location: 2F 0-2: Ball 1-2: Ball 2-2: Ball 3-2: Base on Balls | | Batting: RHB Mike Averill | 0-0: Sac Bunt - play at first, batter OUT! 3-4 Chris Greene to second | | Batting: RHB Chris Legg | 0-0: Intentional Walk | | Batting: RHB Jon Rincon | 0-0: Ball 1-0: Ball 2-0: Called Strike 2-1: Ball 3-1: Base on Balls Chris Greene to third Chris Legg to second | | Batting: LHB Chris Levine | 0-0: Ball 1-0: Ball 2-0: Called Strike 2-1: Swinging Strike 2-2: Fly out, F8 (Flyball, 8LM) Runner from 3rd tags up, SCORES, throw made | | Friday, October 27th, 2017 - OOTP Baseball 18.8 Build 76 |
|